 Dungeon Crawl Stone Soup version 0.18-a0-1523-gbe15c29 (webtiles) character file.

259 FrancescoMac the Covered (level 5, 0/48 HPs)
             Began as a Minotaur Fighter on Mar 7, 2016.
             Slain by Sigmund
             ... wielding a +0 scythe
              (6 damage)
             ... on level 3 of the Dungeon.
             The game lasted 00:04:07 (1585 turns).

FrancescoMac the Covered (Minotaur Fighter)         Turns: 1585, Time: 00:04:07

Health: 0/48       AC:  8    Str: 22    XL:     5   Next: 94%
Magic:  4/4        EV:  7    Int:  5    God:
Gold:   46         SH: 10    Dex:  9    Spells: 0 memorised, 4 levels left

rFire  . . .     SeeInvis .     a - +0 long sword
rCold  . . .     Gourm    .     b - +0 scale mail
rNeg   . . .     Faith    .     c - +0 shield
rPois  .         Spirit   .     (helmet restricted)
rElec  .         Dismiss  .     l - +0 cloak
rCorr  .         Reflect  .     (no gloves)
SustAt .         Harm     .     (no boots)
MR     .....                    (no amulet)
Stlth  ..........               (no ring)
                                (no ring)

@: not resistant to hostile enchantments, extremely unstealthy
A: retaliatory headbutt, horns 2
a: no special abilities


You were on level 3 of the Dungeon.
You were not hungry.

You visited 1 branch of the dungeon, and saw 3 of its levels.

You collected 46 gold pieces.

Inventory:

Hand Weapons
 a - a +0 long sword (weapon)
Armour
 b - a +0 scale mail (worn)
 c - a +0 shield (worn)
 l - a +0 cloak (worn)
Wands
 n - a wand of disintegration (14/24)
 r - a wand of polymorph (6/24)
Scrolls
 h - a scroll of blinking {unknown}
 i - a scroll of remove curse {unknown}
 j - 2 scrolls of enchant weapon {unknown}
 o - a scroll of enchant armour {unknown}
Potions
 d - a potion of might
 e - 3 potions of mutation {unknown}
 k - 2 potions of brilliance {unknown}
 m - 2 potions of magic {unknown}
 p - a potion of curing {unknown}
Comestibles
 f - a bread ration
 g - 2 fruits


   Skills:
 + Level 5.0 Fighting
 + Level 4.3 Long Blades
 + Level 5.1 Armour
 + Level 5.0 Shields


You had 4 spell levels left.
You didn't know any spells.

Dungeon Overview and Level Annotations

Branches:
Dungeon (3/15)

Altars:
Yredelemnul

Annotations:
D:3 Sigmund


Innate Abilities, Weirdness & Mutations

You reflexively headbutt those who attack you in melee.
You have a pair of horns on your head.


Message History

No target in view!
Something hits you!
* * * LOW HITPOINT WARNING * * *
You barely miss something.
You stop sporulating.
Your +0 long sword unmelds from your body.
Your +0 cloak unmelds from your body.
Your +0 shield unmelds from your body.
Your +0 scale mail unmelds from your body.
You block something's attack.
You closely miss something. You headbutt something!
Something hits you but does no damage.
You hit something.
You hear some strange, mumbled words.
A puff of flame appears from out of thin air!
The puff of flame hits you!
* * * LOW HITPOINT WARNING * * *
You miss something. Something hits you.
* * * LOW HITPOINT WARNING * * *
You closely miss something. Something hits you.
You die...

#.#.##.#.# #.#.##.#.#
#.#.##.#.# #.#.##.#.#
#.#.##.#.# # ##
#.#.##.#.######### ....#
#................#
.....##.............##.#
......†@...............#
......{.#.##.#..###.##.#
...........#.#..<......#
...........#.#...##.#..#
.........<.#.#)..##.#..#
#......................#
.....(..#....#...#..#..#
#................#..#..#
......................


There were no monsters in sight!

Vanquished Creatures
  Grinder (D:3)
  2 oozes (D:2)
  A worm (D:2)
  3 bats
  8 goblins
  9 hobgoblins
  3 jackals (D:2)
  4 kobolds
  2 ball pythons
  5 giant newts
  10 rats
48 creatures vanquished.

Notes
Turn   | Place    | Note
--------------------------------------------------------------
     0 | D:1      | FrancescoMac the Minotaur Fighter began the quest for the Orb.
     0 | D:1      | Reached XP level 1. HP: 19/19 MP: 0/0
   101 | D:1      | Reached XP level 2. HP: 24/27 MP: 1/1
   613 | D:1      | You fall through a shaft!
   706 | D:2      | Reached XP level 3. HP: 28/33 MP: 2/2
  1133 | D:2      | Found a basalt altar of Yredelemnul.
  1546 | D:3      | Noticed Grinder
  1561 | D:3      | Killed Grinder
  1561 | D:3      | Reached skill level 5 in Fighting
  1561 | D:3      | Reached skill level 5 in Armour
  1561 | D:3      | Reached skill level 5 in Shields
  1561 | D:3      | Reached XP level 4. HP: 17/42 MP: 3/3
  1561 | D:3      | Reached XP level 5. HP: 19/48 MP: 4/4
  1566 | D:3      | Noticed Sigmund
  1585 | D:3      | Slain by Sigmund

Vault maps used:
D:1:      tarquinn_simple_flora_water_c
D:2:      lemuel_doored_altar, serial_bayou_lagoon_b
D:3:      uniq_grinder, uniq_sigmund

Skill      XL: |  1  2  3 |
---------------+----------+-----
Armour         | 4 5 |  5.1
Long Blades    | 3 4 |  4.3
Shields        | 5 |  5.0
Fighting       | 5 |  5.0

Action                   |  1- 3 |  4- 6 || total
-------------------------+-------+-------++-------
Melee: Long sword        |   134 |     4 ||   138
       Unarmed           |     2 |     3 ||     5
  Eat: Chunk             |     1 |     1 ||     2
       Fruit             |     1 |       ||     1
